 Dungeon Crawl Stone Soup version 0.30.0-30-g96aa6591b8 (webtiles) character file.

Game seed: 18225118678763115622

0 leafyfresh the Covert (level 1, 0/23 HPs)
             Began as a Gnoll Delver on June 29, 2023.
             Slain by an orc wizard
             ... wielding a +0 dagger
              (3 damage)
             ... on level 5 of the Dungeon.
             The game lasted 00:00:11 (40 turns).

leafyfresh the Covert (Gnoll Delver)                  Turns: 40, Time: 00:00:11

Health: 0/23       AC:  3    Str: 11    XL:     1   Next: 0%
Magic:  1/1        EV: 13    Int:  9    God:
Gold:   0          SH:  0    Dex: 13    Spells: 0/0 levels left

rFire   . . .        a - +0 short sword
rCold   . . .        (no shield)
rNeg    . . .        b - +0 leather armour
rPois   .            (no helmet)
rElec   .            (no cloak)
rCorr   .            (no gloves)
SInv    .            (no boots)
Will    .....        (no amulet)
Stlth   ++++         (no ring)
HPRegen 0.23/turn    (no ring)
MPRegen 0.07/turn

%: no passive effects
@: no status effects
A: fangs 1, strong nose, distributed training
a: no special abilities


You were on level 5 of the Dungeon.
You visited 1 branch of the dungeon, and saw 1 of its levels.

Inventory:

Hand Weapons
 a - a +0 short sword (weapon)
Armour
 b - a +0 leather armour (worn)
Wands
 g - a wand of digging (3)
Scrolls
 c - a scroll of fog
 d - a scroll of magic mapping
 e - a scroll of fear
Potions
 f - a potion of haste


   Skills:
 + Level 6.4 Fighting
 + Level 4.4 Short Blades
 + Level 0.0 Long Blades
 + Level 0.0 Axes
 + Level 0.0 Maces & Flails
 + Level 0.0 Polearms
 + Level 0.0 Staves
 + Level 0.0 Ranged Weapons
 + Level 0.0 Throwing
 + Level 0.0 Armour
 + Level 4.4 Dodging
 + Level 9.5 Stealth
 + Level 0.0 Shields
 + Level 0.0 Unarmed Combat
 + Level 0.0 Spellcasting
 + Level 0.0 Conjurations
 + Level 0.0 Hexes
 + Level 0.0 Summonings
 + Level 0.0 Necromancy
 + Level 0.0 Translocations
 + Level 0.0 Transmutations
 + Level 0.0 Fire Magic
 + Level 0.0 Ice Magic
 + Level 0.0 Air Magic
 + Level 0.0 Earth Magic
 + Level 0.0 Poison Magic
 + Level 0.0 Invocations
 + Level 0.0 Evocations


You couldn't memorise any spells.
You didn't know any spells.
Your spell library was empty.

Dungeon Overview and Level Annotations

Branches:
Dungeon (5/15)
 Temple: D:4-7

Altars:

Annotations:
D:5 Dowan, Duvessa


Innate Abilities, Weirdness & Mutations

You have very sharp teeth.
Your uncanny sense of smell can sniff out nearby items.
Your experience applies equally to all skills.


Message History

The orc throws a boomerang.
The boomerang hits you.
There is a stone staircase leading down here.
Found 11 gold pieces.
You see here 11 gold pieces.
Found 18 gold pieces.
An ufetubus comes into view. 2 orcs come into view.
An orc wizard comes into view. It is wielding a +0 dagger.
An orc comes into view. It is wielding a +0 mace.
The orc shouts! x2; The orc wizard shouts!
The ufetubus shouts!
The orc completely misses you. The orc hits you with a +0 whip.
The orc attacks as you move away! The orc hits you with a +0 hand axe.
The orc barely misses you. The orc attacks as you move away!
The orc barely misses you.
The orc wizard casts a spell.
The orc wizard flickers and vanishes!
Deactivating autopickup; reactivate with Ctrl-A.
You hit the orc.
The orc is moderately wounded.
You hit the orc.
The orc is almost dead.
The ufetubus misses you. The ufetubus hits you. The orc closely misses you.
The orc completely misses you.
Duvessa drinks a potion.
Duvessa seems to grow stronger.
The orc barely misses you. The ufetubus attacks as you move away!
The ufetubus barely misses you. x2
The orc completely misses you. The orc hits you with a +0 mace.
The ufetubus closely misses you. The ufetubus hits you.
The orc attacks as you move away! The orc barely misses you.
You closely miss something. The ufetubus hits you.
The ufetubus completely misses you. The ufetubus hits you.
The ufetubus barely misses you. The ufetubus misses you.
The ufetubus closely misses you. Something barely misses you.
The orc hits you with a +0 mace.
* * * LOW HITPOINT WARNING * * *
You hit the orc.
You kill the orc!
The ufetubus hits you but does no damage.
The ufetubus closely misses you. The orc barely misses you. Something hits you.
You die...

#############
#...oo@.....####
#....5.).......#
#....oe.........
#...............
#........$..#...
#...........#...
#...............
###...............
..#...............


You could see Duvessa (strong), 3 orcs and an ufetubus.

Vanquished Creatures
  An orc (D:5)
1 creature vanquished.

Notes
Turn   | Place    | Note
-------+----------+-------------------------------------------
     0 | D:5      | Reached skill level 9 in Stealth
     0 | D:5      | leafyfresh the Gnoll Delver began the quest for the Orb.
     0 | D:5      | Reached XP level 1. HP: 23/23 MP: 1/1
     8 | D:5      | Noticed Duvessa
     8 | D:5      | Noticed Dowan
    26 | D:5      | Noticed an orc wizard
    40 | D:5      | Slain by an orc wizard

Illustrated notes

Levels and vault maps discovered:
D:5:      layout_basic, mainiacjoe_overflow_24_doors, uniq_duvessa

Skill      XL: | |
---------------+-+-----
Stealth        | |  9.5
Fighting       | |  6.4
Short Blades   | |  4.4
Dodging        | |  4.4

Action                     || total
---------------------------++-------
  Melee: Short sword       ||     4
 Armour: Leather armour    ||     1
  Dodge: Dodged            ||    19
